 Dungeon Crawl Stone Soup version 0.21-a0-51-gea492e9 (webtiles) character file.

1262 grindst0ne the Skirmisher (level 8, -7/67 HPs)
             Began as a Demonspawn Abyssal Knight on June 12, 2017.
             Was an Elder of Lugonu.
             Mangled by an orc warrior
             ... wielding a +0 glaive
              (15 damage)
             ... on level 5 of the Dungeon.
             The game lasted 00:14:14 (5633 turns).

grindst0ne the Skirmisher (DsAK)                    Turns: 5633, Time: 00:14:15

Health: -7/67      AC: 13    Str: 14    XL:     8   Next: 27%
Magic:  6/10       EV: 11    Int: 15    God:    Lugonu [****..]
Gold:   280        SH:  0    Dex: 14    Spells: 7/7 levels left

rFire    . . .     SeeInvis .   a - +1 hand axe
rCold    . . .     Gourm    .   (no shield)
rNeg     . . .     Faith    .   y - +3 leather armour
rPois    .         Spirit   .   t - +0 helmet
rElec    .         Reflect  .   n - +0 cloak
rCorr    .         Harm     .   (no gloves)
MR       .....                  (no boots)
Stlth    +.........             l - amulet of regeneration
Regen    0.7/turn               g - +3 ring of protection
MPRegen  0.2/turn               s - +2 ring of strength

@: no status effects
A: hooves 1, yellow scales 1, foul stench 1, powered by pain 1, rot immunity
a: Depart the Abyss, Bend Space, Banish, Corrupt, Renounce Religion


You were on level 5 of the Dungeon.
You worshipped Lugonu.
Lugonu was greatly pleased with you.
You were hungry.

You visited 1 branch of the dungeon, and saw 6 of its levels.
You visited the Abyss 1 time.
You also visited: Sewer.

You collected 280 gold pieces.

Inventory:

Hand Weapons
 a - a +1 hand axe (weapon)
Armour
 b - a +0 leather armour
 h - a +0 crystal plate armour
 n - a +0 cloak (worn)
 t - a +0 helmet (worn)
 y - a +3 leather armour (worn)
 D - a +0 cloak
Jewellery
 g - a +3 ring of protection (left hand)
 l - an amulet of regeneration (around neck)
 s - a +2 ring of strength (right hand)
Wands
 C - a wand of polymorph (16/24)
Scrolls
 e - 3 scrolls of remove curse
 m - a scroll of fear {unknown}
 p - 2 scrolls of fog {unknown}
 v - a scroll of magic mapping
 w - a scroll of recharging
 x - 2 scrolls of teleportation {unknown}
 z - 2 scrolls of identify
 A - a scroll of random uselessness {unknown}
 B - a scroll of torment {unknown}
Potions
 j - a potion of curing
 o - 2 potions of mutation
 q - a potion of magic
 r - 3 potions of berserk rage {unknown}
 u - 2 potions of haste {unknown}
 E - a potion of invisibility {unknown}
Comestibles
 c - 5 bread rations
 d - 2 meat rations
 f - a chunk of flesh
 i - 4 royal jellies
 F - a fruit


   Skills:
 - Level 7.4 Fighting
 + Level 6.6 Axes
 - Level 1.7 Armour
 - Level 0.8 Dodging
 + Level 3.6 Invocations


You had 7 spell levels left.
You didn't know any spells.

Dungeon Overview and Level Annotations

Branches:
Dungeon (6/15)             Temple (0/1) D:6

Altars:
Ashenzari
Makhleb
Nemelex Xobeh
Qazlal
Ru
Trog
Uskayaw

Shops:
D:6 %


Innate Abilities, Weirdness & Mutations

You have large cloven feet.
You are partially covered in yellow scales. (AC +2)
You may emit foul miasma when damaged in melee.
You sometimes gain a little power by taking damage.
You are immune to rotting.


Message History

The orc warrior completely misses you.
You barely miss the orc warrior.
The orc warrior is lightly wounded.
The orc warrior hits you with a glaive!!
* * * LOW HITPOINT WARNING * * *
Press: ? - help, Shift-Dir - straight line, f - orc warrior
Aim: an orc warrior, wielding a glaive and wearing a plate armour (lightly wounded, sick, chance to defeat MR: 82%)
You fail to use your ability.
Press: ? - help, Shift-Dir - straight line, f/p - orc warrior
Aim: an orc warrior, wielding a glaive and wearing a plate armour (lightly wounded, sick, chance to defeat MR: 82%)
You fail to use your ability.
The orc warrior hits you with a glaive.
* * * LOW HITPOINT WARNING * * *
Press: ? - help, Shift-Dir - straight line, f/p - orc warrior
Aim: an orc warrior, wielding a glaive and wearing a plate armour (lightly wounded, sick, chance to defeat MR: 82%)
You fail to use your ability.
The orc warrior closely misses you.
Press: ? - help, Shift-Dir - straight line, f/p - orc warrior
Aim: an orc warrior, wielding a glaive and wearing a plate armour (lightly wounded, sick, chance to defeat MR: 82%)
The orc warrior barely resists.
You feel somewhat more hungry. The orc warrior hits you with a glaive!
You die...

#..)#
#...........(o##########..
##### #.......#####.#
####... #..####.# #.#
##.).?.. #### ##..>#..#
#.# #..###.. ...# ###.#o##
#(# #.## ### ...# #.#o#
#(## #.# ...# #.#.#
#(.####.# ...#
###.#.#######(#....######
####
##.......@o(.).......<....
#
#..#.#.####.....##########
# ###.##...####.###.# ##
###...###..#....# #.######
.# #...####...#.####
#......# .###.######.#...#
##.....# ..##.####......##
#.....# ...#.##........#
#.....# .....#..##+#...#
#.....#


You could see an orc warrior.

Vanquished Creatures
  The ghost of GordonOverkill the Skirmisher, an amateur MiIE of Hepliaklqana (D:4)
  An ice beast (D:6)
  A phantom (D:4)
  2 centaurs (D:5)
  An ogre (D:4)
  2 scorpions
  2 howler monkeys (D:4)
  3 hounds
  An orc priest (D:4)
  Crazy Yiuf (D:5)
  An orc wizard (D:4)
  2 worker ants (D:5)
  A worker ant zombie (D:5)
  3 gnolls (D:3)
  8 adders
  5 river rats
  A shadow imp (D:5)
  An adder zombie (D:5)
  A worm (D:3)
  2 dart slugs (D:1)
  6 leopard geckos
  10 orcs
  6 bats
  4 giant cockroaches
  12 goblins
  4 hobgoblins
  7 jackals
  6 kobolds
  3 quokkas
  9 ball pythons
  A ball python skeleton (D:4)
  12 frilled lizards
  8 rats
128 creatures vanquished.

Notes
Turn   | Place    | Note
-------+----------+-------------------------------------------
     0 | Abyss:1  | grindst0ne the Demonspawn Abyssal Knight began the quest for the Orb.
     0 | Abyss:1  | Reached XP level 1. HP: 18/18 MP: 2/2
    55 | Abyss:1  | Noticed an eye of draining
    58 | D:1      | Escaped the Abyss
   260 | D:1      | Gained mutation: You are partially covered in yellow scales. (AC +2) [demonic ancestry]
   260 | D:1      | Reached XP level 2. HP: 19/24 MP: 3/3
   836 | D:1      | Reached ** piety under Lugonu
  1067 | D:2      | Gained mutation: You have large cloven feet. [demonic ancestry]
  1067 | D:2      | Reached XP level 3. HP: 17/30 MP: 4/4
  1406 | D:2      | Reached skill level 4 in Fighting
  1421 | D:2      | Gained mutation: You are immune to rotting. [demonic ancestry]
  1421 | D:2      | Reached XP level 4. HP: 37/37 MP: 5/5
  2159 | D:3      | Found a burning altar of Makhleb.
  2189 | D:3      | Reached *** piety under Lugonu
  2268 | D:3      | Found a sparkling altar of Nemelex Xobeh.
  2640 | D:3      | Reached XP level 5. HP: 43/43 MP: 6/6
  3000 | D:4      | Noticed a phantom
  3105 | D:4      | Killed a phantom
  3105 | D:4      | Reached skill level 5 in Fighting
  3199 | D:4      | Found a glowing drain.
  3237 | D:4      | Gained mutation: You sometimes gain a little power by taking damage. [demonic ancestry]
  3237 | D:4      | Reached XP level 6. HP: 12/51 MP: 7/7
  3257 | Sewer    | Entered a sewer
  3887 | D:4      | Reached **** piety under Lugonu
  3902 | D:4      | Reached skill level 6 in Fighting
  3902 | D:4      | Reached skill level 5 in Axes
  3902 | D:4      | Gained mutation: You may emit foul miasma when damaged in melee. [demonic ancestry]
  3902 | D:4      | Reached XP level 7. HP: 30/58 MP: 8/8
  3987 | D:4      | Noticed GordonOverkill's ghost (amateur MiIE)
  4013 | D:4      | Killed GordonOverkill's ghost
  4112 | D:4      | Found a bloodstained altar of Trog.
  4252 | D:4      | Found a stormy altar of Qazlal.
  4623 | D:5      | Entered Level 5 of the Dungeon
  4636 | D:5      | Found a shattered altar of Ashenzari.
  4684 | D:5      | Found a sacrificial altar of Ru.
  4775 | D:5      | Found a hide-covered altar of Uskayaw.
  4778 | D:5      | Noticed a dagger
  4779 | D:5      | Noticed a dagger
  4882 | D:5      | Reached skill level 7 in Fighting
  5088 | D:5      | Found a runed door.
  5151 | D:5      | Reached XP level 8. HP: 65/67 MP: 9/9
  5314 | D:5      | Noticed Crazy Yiuf
  5324 | D:5      | Killed Crazy Yiuf
  5402 | D:6      | Found a staircase to the Ecumenical Temple.
  5427 | D:6      | Found Casil's Food Shop.
  5624 | D:5      | HP: 1/67 [orc warrior/glaive (18)]
  5633 | D:5      | Mangled by an orc warrior

Vault maps used:
D:1:      dpeg_arrival_connections
D:2:      serial_bayou, serial_bayou_pond_e, serial_bayou_shore_b,
          serial_bayou_pond_b, serial_bayou_lagoon_b
D:3:      nemelex_xobeh_ov_fountains_minmay, nicolae_overflow_crystal_walls,
          grunt_ministairs_8
D:4:      nicolae_qazlal_eye_of_the_storm, lightli_temple_of_fire,
          portal_sewer_entry_b
D:5:      dancing_weapons_uskayaw, first_bread, basic_altar,
          serial_bayou_pond_b, evilmike_ruin_ashenzari, uniq_crazy_yiuf_cottage
D:6:      minmay_temple_entry_overgrown, serial_shops,
          nicolae_shop_temple_entry_statues_fountains
Sewer:    sewer_co_cracked_pipes

Skill      XL: |  1  2  3  4  5  6  7  8 |
---------------+-------------------------+-----
Axes           | 2 3 4 5 6 |  6.6
Fighting       | 4 5 6 7 |  7.4
Invocations    | 3 |  3.6
Armour         | |  1.7
Dodging        | |  0.8

Action                   |  1- 3 |  4- 6 |  7- 9 || total
-------------------------+-------+-------+-------++-------
Melee: Hand axe          |   118 |   341 |   224 ||   683
       Kick              |    12 |    80 |    77 ||   169
Invok: Banish            |       |       |     1 ||     1
  Use: Scroll            |       |     8 |       ||     8
       Potion            |       |     1 |     2 ||     3
  Eat: Chunk             |     2 |     8 |     6 ||    16
Armor: Leather armour    |    57 |    90 |   107 ||   254
Dodge: Dodged            |    79 |   147 |   117 ||   343
